 Dungeon Crawl Stone Soup version 0.30-a0-556-g0a0f5a245f (webtiles) character file.

Game seed: 1566926841513784567

37 M4edhros the Trooper (level 3, 0/26 HPs)
             Began as an Octopode Fighter on Dec 27, 2022.
             Slain by an adder (1 damage)
             ... on level 3 of the Dungeon.
             The game lasted 00:01:23 (257 turns).

M4edhros the Trooper (Octopode Fighter)              Turns: 257, Time: 00:01:23

Health: 0/26       AC:  1    Str: 13 (15) XL:     3   Next: 41%
Magic:  3/3        EV: 13    Int:  7 (10) God:
Gold:   35         SH:  4    Dex: 11 (13) Spells: 2/2 levels left

rFire   . . .      SeeInvis .    a - +0 trident
rCold   . . .      Faith    .    b - +0 buckler
rNeg    . . .      Spirit   .    (helmet restricted)
rPois   .          Reflect  .    (no amulet)
rElec   .          Harm     .    (no ring)
rCorr   .          Rampage  .    (no ring)
Will    .....                    (no ring)
Stlth   +++                      (no ring)
HPRegen 0.24/turn                (no ring)
MPRegen 0.08/turn                (no ring)
                                 (no ring)
                                 (no ring)

@: lethally poisoned (0 -> -8)
A: almost no armour, amphibious, 8 rings, camouflage 1, gelatinous body 1,
nimble swimmer 1, tentacles
a: no special abilities


You were on level 3 of the Dungeon.
You visited 1 branch of the dungeon, and saw 4 of its levels.

You collected 35 gold pieces.

Inventory:

Hand Weapons
 a - a +0 trident (weapon)
Armour
 b - a +0 buckler (worn)
Scrolls
 d - a scroll of amnesia {unknown}
 e - 2 scrolls of identify {unknown}
 f - 2 scrolls of fear {unknown}
Potions
 c - a potion of might


   Skills:
 + Level 3.3 Fighting
 * Level 2.7 Polearms
 + Level 3.3 Dodging
 + Level 3.2 Shields


You had 2 spell levels left.
You didn't know any spells.
Your spell library contained the following spells:

 Spells                   Type           Power      Damage    Failure   Level
 Leda's Liquefaction      Hex/Erth       0%         N/A       99%         4
 Lee's Rapid Deconstruct  Erth           0%         3d4*      100%        5
 Statue Form              Tmut/Erth      0%         N/A       100%        6


Dungeon Overview and Level Annotations

Branches:
Dungeon (4/15)
 Temple: D:4-7

Altars:


Innate Abilities, Weirdness & Mutations

You cannot wear most types of armour.
You are amphibious.
You can wear up to eight rings at the same time.
Your skin changes colour to match your surroundings (Stealth+).
Your rubbery body absorbs attacks. (AC +1, EV +1)
You are camouflaged when in or above water. (Stealth+)
You have tentacles for arms and can constrict up to eight enemies at once.


Message History

You enter the shallow water.
You reach to attack!
You hit the worm.
The worm is moderately wounded.
You reach to attack!
You puncture the worm!
The worm is severely wounded.
You hit the worm. You grab the worm. You squeeze the worm.
You kill the worm!
The rat splashes around in the water.
You hit the rat.
You kill the rat!
No target in view!
You see here a worm corpse.
You hear the slow rusting of a drain.
An adder comes into view.
A worm comes into view.
A worm and a rat come into view.
The worm bites you! The adder attacks as you move away!
You block the adder's attack. The adder misses you.
You closely miss the adder. You grab the adder. You constrict the adder.
The adder bites you.
You are poisoned.
The adder poisons you! The adder closely misses you.
Okay, then.
You aren't carrying any items that you can evoke.
Okay, then.
You hit the adder.
The adder is moderately wounded.
You constrict the adder.
You feel sick. The adder bites you.
* * * LOW HITPOINT WARNING * * *
It was a potion of degeneration.
There was something very wrong with that liquid.
You feel weakened.
You feel dopey.
You feel clumsy.
You constrict the adder.
* * * LOW HITPOINT WARNING * * *
You feel sick. The adder bites you.
* * * LOW HITPOINT WARNING * * *
You are more poisoned.
The adder poisons you! The adder bites you.
You die...

#.##.#. #...~~# #..~~~#
#####...#~###
.......~†~#wr
#.#####..~#~#~##
#.......~~~~#~~
###.)...~#~#~#
##....~#@#~# #.....#~S~#
....#...#########
..#####.....#.#..########
.. ##.##.#............ #
#####......#.#..†.....
#..........#.#########
######.######>#.#....
#................###


You could see an adder.

Vanquished Creatures
  A river rat (D:3)
  2 worms (D:3)
  5 ball pythons
  3 bats
  3 endoplasms
  A goblin (D:1)
  A hobgoblin (D:1)
  A kobold (D:3)
  A quokka (D:3)
  3 frilled lizards
  A rat (D:3)
22 creatures vanquished.

Notes
Turn   | Place    | Note
-------+----------+-------------------------------------------
     0 | D:1      | M4edhros the Octopode Fighter began the quest for the Orb.
     0 | D:1      | Reached XP level 1. HP: 16/16 MP: 1/1
    56 | D:1      | Reached XP level 2. HP: 21/21 MP: 2/2
   206 | D:3      | Reached XP level 3. HP: 8/26 MP: 3/3
   257 | D:3      | HP: 1/26 [adder (2)]
   257 | D:3      | Slain by an adder

Illustrated notes

Levels and vault maps discovered:
D:1:      dpeg_arrival_pits, layout_rooms, minmay_vboxes
D:2:      layout_loops_ring
D:3:      layout_basic, biasface_ghost_orc_armoury, lightli_sewer_entry_pipes,
          uniq_jessica, uniq_natasha, uniq_robin, uniq_ijyb
D:4:      layout_loops_ring, mrwooster_statue_mirror, minmay_misc_feat_chi

Action                   || total
-------------------------++-------
Melee: Trident           ||    42
       Constrict         ||     8
       Tentacles         ||     6
  Use: Potion            ||     1
 Stab: Sleeping          ||     9
Armor: Skin              ||     3
Dodge: Dodged            ||    14
Block: Buckler           ||     5

Table legend: (Time is in decaauts)
 A = Elapsed time spent in this place.
 B = Non-inter-level travel time spent in this place.
 C = Inter-level travel time spent in this place.
 D = Time resting spent in this place.
 E = Time spent auto-exploring this place.
 F = Levels seen in this place.
 G = Mean time per level.
                   A        B        C        D        E       F      G
               +--------+--------+--------+--------+--------+-----+--------+
         Total |    266 |    257 |      9 |      0 |     65 |   4 |   66.5 |
       Dungeon |    266 |    257 |      9 |      0 |     65 |   4 |   66.5 |
               +--------+--------+--------+--------+--------+-----+--------+

Top non-repeatable levels by time:
     D:3: 103 daAuts
     D:1: 102 daAuts
     D:2: 54 daAuts
     D:4: 5 daAuts
